Barracuda vs Moose
(R1)
Created - December 18, 2021 at 17:39
Goals
|
| Barracuda |
2 |
2 |
1 |
5 |
| Moose |
1 |
1 |
1 |
3 |
|
Shots
|
| Barracuda |
16 |
20 |
8 |
44 |
| Moose |
6 |
14 |
10 |
30 |
|
1st period
1. Moose , Pierre-Luc Dubois 1 (Jeremy Bracco 2, Michael McLeod 2) at 3:07
2. Barracuda , William Carrier 5 (Arturs Kulda 2, Sam Carrick 7) at 4:59 (PP)
3. Barracuda , Alex Henriksson 1 (Theodor Blueger 3, Arturs Kulda 3) at 14:12
Penalties :
Michael McLeod (Man) for Holding (Minor) at 4:52, Alex Henriksson (S.J) for Holding (Minor) at 5:44
2nd period
4. Moose , Michael McLeod 1 (Pierre-Luc Dubois 1, Vladislav Gavrikov 2) at 3:01
5. Barracuda , Emil Pettersson 2 (Cole Ully 5, Chris Wagner 4) at 7:48 (PP)
6. Barracuda , William Carrier 6 (Luca Sbisa 3, Sam Carrick 8) at 11:58 (PP)
Penalties :
Ludwig Bystrom (Man) for Slashing (Minor) at 7:16, Andrew Mangiapane (Man) for Goalie Interference (Minor) at 11:43, Justin Shugg (S.J) for Holding (Minor) at 12:59, Frank Vatrano (Man) for Tripping (Minor) at 19:22
3rd period
7. Barracuda , Sam Carrick 4 (William Carrier 6) at 9:37 (PP)
8. Moose , Nathan Walker 6 (Sami Niku 2, Miro Aaltonen 6) at 15:32 (PP)
Penalties :
Thomas Gobeil (S.J) for Tripping (Minor) at 4:01, Sami Niku (Man) for Holding (Minor) at 9:34, Sami Niku (Man) for Holding Stick (Minor) at 12:57, Tanner Jeannot (S.J) for Hooking (Minor) at 15:24, Sam Carrick (S.J) for Unsportsmanlike conduct (Minor) at 17:14
Goalie Stats
Joacim Eriksson (S.J), 27 saves from 30 shots - (0.900), W, 4-2-0, 60:00 minutes
Magnus Hellberg (Man), 39 saves from 44 shots - (0.886), L, 0-2-1, 60:00 minutes
Players Stats for Barracuda
Player Name G A P +/- PIM S H SB GA TA FO MP PP MP PK MP
------------------------------------------------------------------------------------
Alex Henriksson 1 0 1 1 2 3 2 1 0 0 0/0 12:04 0:00 1:44
Alex Lintuniemi 0 0 0 0 0 0 0 0 0 0 0/0 5:02 0:00 0:00
Arturs Kulda 0 2 2 -1 0 6 3 1 1 1 0/0 26:23 3:25 4:35
Chris Wagner 0 1 1 -1 0 0 0 0 0 1 0/1 13:21 1:43 0:00
Cole Ully 0 1 1 -1 0 5 3 0 0 0 1/1 14:35 1:43 0:40
David Shields 0 0 0 0 0 0 1 1 0 1 0/0 17:43 1:30 3:29
Dennis Cholowski 0 0 0 0 0 0 0 0 0 0 0/0 0:00 0:00 0:00
Drew O'Connor 0 0 0 0 0 0 0 0 0 0 0/0 4:02 0:11 0:00
Emil Pettersson 1 0 1 -1 0 4 2 1 1 0 7/14 16:33 1:43 3:01
Jakob Chychrun 0 0 0 0 0 0 0 0 0 0 0/0 5:02 0:00 0:00
Jerome Gauthier-Leduc 0 0 0 0 0 0 0 1 0 0 0/0 10:52 0:00 0:00
Justin Shugg 0 0 0 0 2 3 1 0 0 0 3/3 19:57 3:07 1:11
Luca Sbisa 0 1 1 -1 0 1 1 1 0 0 0/0 26:23 3:25 4:35
Mario Lucia 0 0 0 1 0 0 0 0 0 0 0/0 6:24 0:00 0:00
Michael Pezzetta 0 0 0 0 0 0 0 0 0 0 0/0 0:06 0:06 0:00
Noah Gregor 0 0 0 -1 0 2 0 0 0 0 1/2 9:10 0:00 0:03
Robin Norell 0 0 0 0 0 0 0 1 0 0 0/0 10:52 0:00 0:00
Sam Carrick 1 2 3 0 2 9 1 1 0 0 21/35 21:53 3:06 3:04
Samuel Groulx 0 0 0 0 0 1 1 1 0 2 0/0 17:43 1:30 3:29
Tanner Jeannot 0 0 0 -1 2 1 5 0 0 0 0/1 9:06 0:00 0:00
Theodor Blueger 0 1 1 1 0 3 4 0 0 0 1/11 12:47 0:00 2:23
Thomas Gobeil 0 0 0 -1 2 1 0 0 0 0 0/0 9:17 0:00 0:00
William Carrier 2 1 3 0 0 5 3 0 0 0 0/2 22:36 3:06 4:02
Players Stats for Moose
Player Name G A P +/- PIM S H SB GA TA FO MP PP MP PK MP
------------------------------------------------------------------------------------
Andrew Mangiapane 0 0 0 0 2 1 1 0 0 0 1/1 17:41 3:14 1:32
Dominik Kahun 0 0 0 0 0 2 0 0 1 0 9/17 16:28 3:14 0:24
Erik Cernak 0 0 0 0 0 1 1 0 0 1 0/0 17:59 1:14 1:42
Frank Vatrano 0 0 0 0 2 4 4 1 1 0 0/0 19:46 4:38 2:01
Jeremy Bracco 0 1 1 1 0 2 0 1 1 0 1/1 14:04 0:12 0:00
Julien Gauthier 0 0 0 2 0 0 1 0 0 0 0/0 22:57 0:00 0:00
Ludwig Bystrom 0 0 0 0 2 2 2 2 0 0 0/0 17:02 2:47 1:42
Matthew Benning 0 0 0 -1 0 0 0 0 0 0 0/0 11:25 0:00 0:00
Max Jones 0 0 0 0 0 0 0 1 0 0 0/0 5:27 0:00 0:00
Michael McLeod 1 1 2 1 2 1 0 1 0 0 3/5 13:42 0:00 0:00
Miro Aaltonen 0 1 1 0 0 1 1 1 0 0 16/29 19:47 4:50 0:00
Nathan Walker 1 0 1 0 0 3 2 1 0 0 2/3 21:07 4:50 0:49
Nikolay Goldobin 0 0 0 0 0 3 0 0 0 0 3/9 22:02 3:14 3:29
Pierre-Luc Dubois 1 1 2 1 0 3 2 1 0 1 0/0 14:02 0:00 0:00
Rem Pitlick 0 0 0 0 0 1 2 0 0 0 1/5 7:02 0:00 1:35
Sami Niku 0 1 1 -1 4 1 1 1 0 0 0/0 16:45 5:17 0:00
Troy Stetcher 0 0 0 0 0 0 1 1 0 0 0/0 13:26 5:17 3:13
Vladislav Gavrikov 0 1 1 2 0 5 0 4 2 0 0/0 24:17 1:33 3:13
3 Stars
1 - William Carrier (S.J)
2 - Sam Carrick (S.J)
3 - Pierre-Luc Dubois (Man)
Power Play
Barracuda - 4 on 6 Attempt(s) - 66.67%
Moose - 1 on 5 Attempt(s) - 20.00%
Penalty Kill
Barracuda - 4 on 5 Attempt(s) - 80.00%
- Score 0 goal in Penalty Kill
Moose - 2 on 6 Attempt(s) - 33.33%
- Score 0 goal in Penalty Kill
Team Stat
Barracuda - Hits : 27 - Faceoff Wins : 34 - Blocked Shots : 9 - Penalty Minutes : 10
Moose - Hits : 18 - Faceoff Wins : 36 - Blocked Shots : 15 - Penalty Minutes : 12
Official
Referees : Brad Meier and Brian Pochmara
Linesman : Kory Nagy and Steve Barton
Game Notes
Mario Lucia is injured at 18:02 of 2nd period (Severed Right Wrist Tendon)
Vladislav Gavrikov is injured at 16:29 of 3rd period (Sprained Left Knee)
Finance
Level 1 -- Attendance: 1989 (99.45%) -- Ticket Income $69,615
Level 2 -- Attendance: 907 (90.70%) -- Ticket Income $13,605
Total Attendance: 2896 (96.53%)
Total Ticket Income: $83,220
Other Income: $4,161
Total Income: $87,381
Barracuda
5 vs 5 Forward
Center Left Wing Right Wing Time % Phy DF OF
1 Sam Carrick William Carrier Justin Shugg 40 1 2 2
2 Emil Pettersson Cole Ully Chris Wagner 30 1 2 2
3 Theodor Blueger Alex Henriksson Mario Lucia 20 1 2 2
4 Noah Gregor Tanner Jeannot Thomas Gobeil 10 1 2 2
5 vs 5 Defense
Defense Defense Time % Phy DF OF
1 Arturs Kulda Luca Sbisa 40 1 2 2
2 Samuel Groulx David Shields 30 1 2 2
3 Robin Norell Jerome Gauthier-Leduc 20 1 2 2
4 Jakob Chychrun Alex Lintuniemi 10 1 2 2
PowerPlay Forward
Center Left Wing Right Wing Time % Phy DF OF
1 Sam Carrick William Carrier Justin Shugg 60 1 2 2
2 Emil Pettersson Cole Ully Chris Wagner 40 1 2 2
PowerPlay Defense
Defense Defense Time % Phy DF OF
1 Arturs Kulda Luca Sbisa 60 1 2 2
2 Samuel Groulx David Shields 40 1 2 2
Penalty Kill 4 Players Forward
Center Wing Time % Phy DF OF
1 Sam Carrick William Carrier 60 1 2 2
2 Emil Pettersson Justin Shugg 40 1 2 2
Penalty Kill 4 Players Defense
Defense Defense Time % Phy DF OF
1 Arturs Kulda Luca Sbisa 60 1 2 2
2 Samuel Groulx David Shields 40 1 2 2
Penalty Kill - 3 Players Forward
Forward Time % Phy DF OF
1 Sam Carrick 60 1 2 2
2 William Carrier 40 1 2 2
Penalty Kill - 3 Players Defense
Defense Defense Time % Phy DF OF
1 Arturs Kulda Luca Sbisa 60 1 2 2
2 Samuel Groulx David Shields 40 1 2 2
4 vs 4 Forward
Center Wing Time % Phy DF OF
1 Sam Carrick William Carrier 60 1 2 2
2 Emil Pettersson Justin Shugg 40 1 2 2
4 vs 4 Defense
Defense Defense Time % Phy DF OF
1 Arturs Kulda Luca Sbisa 60 1 2 2
2 Samuel Groulx David Shields 40 1 2 2
Last Minutes Offensive
Center Left Wing Right Wing Defense Defense
Sam Carrick William Carrier Justin Shugg Arturs Kulda Luca Sbisa
Last Minutes Defensive
Center Left Wing Right Wing Defense Defense
Sam Carrick William Carrier Justin Shugg Arturs Kulda Luca Sbisa
Goaltenders
Starting : Joacim Eriksson
Backup : Oscar Dansk
Extra Forwards
Normal : Drew O'Connor, Michael Pezzetta, Theodor Blueger - PP : Drew O'Connor, Michael Pezzetta - PK : Theodor Blueger
Extra Defensemen
Normal : Dennis Cholowski, Robin Norell, Jerome Gauthier-Leduc - PP : Dennis Cholowski - PK : Robin Norell, Jerome Gauthier-Leduc
Penalty Shots
Sam Carrick, William Carrier, Emil Pettersson, Justin Shugg, Chris Wagner
Scratches
Kevin Lankinen (Healthy)
Moose
5 vs 5 Forward
Center Left Wing Right Wing Time % Phy DF OF
1 Miro Aaltonen Nathan Walker Nikolay Goldobin 35 1 2 2
2 Dominik Kahun Andrew Mangiapane Frank Vatrano 30 1 2 2
3 Michael McLeod Pierre-Luc Dubois Jeremy Bracco 25 1 2 2
4 Rem Pitlick Max Jones Julien Gauthier 10 1 2 2
5 vs 5 Defense
Defense Defense Time % Phy DF OF
1 Vladislav Gavrikov Julien Gauthier 40 1 2 2
2 Ludwig Bystrom Erik Cernak 35 1 2 2
3 Sami Niku Matthew Benning 25 1 2 2
4 Erik Cernak Vladislav Gavrikov 0 1 2 2
PowerPlay Forward
Center Left Wing Right Wing Time % Phy DF OF
1 Miro Aaltonen Nathan Walker Frank Vatrano 60 0 0 5
2 Dominik Kahun Andrew Mangiapane Nikolay Goldobin 40 0 0 5
PowerPlay Defense
Defense Defense Time % Phy DF OF
1 Sami Niku Troy Stetcher 60 0 1 4
2 Ludwig Bystrom Vladislav Gavrikov 40 0 1 4
Penalty Kill 4 Players Forward
Center Wing Time % Phy DF OF
1 Nikolay Goldobin Frank Vatrano 60 0 4 1
2 Nathan Walker Andrew Mangiapane 40 0 4 1
Penalty Kill 4 Players Defense
Defense Defense Time % Phy DF OF
1 Vladislav Gavrikov Troy Stetcher 60 0 5 0
2 Ludwig Bystrom Erik Cernak 40 0 5 0
Penalty Kill - 3 Players Forward
Forward Time % Phy DF OF
1 Frank Vatrano 60 0 4 1
2 Nikolay Goldobin 40 0 4 1
Penalty Kill - 3 Players Defense
Defense Defense Time % Phy DF OF
1 Ludwig Bystrom Troy Stetcher 60 0 5 0
2 Erik Cernak Vladislav Gavrikov 40 0 5 0
4 vs 4 Forward
Center Wing Time % Phy DF OF
1 Dominik Kahun Nikolay Goldobin 60 1 2 2
2 Miro Aaltonen Andrew Mangiapane 40 1 2 2
4 vs 4 Defense
Defense Defense Time % Phy DF OF
1 Erik Cernak Troy Stetcher 60 1 2 2
2 Ludwig Bystrom Vladislav Gavrikov 40 1 2 2
Last Minutes Offensive
Center Left Wing Right Wing Defense Defense
Miro Aaltonen Andrew Mangiapane Nikolay Goldobin Vladislav Gavrikov Troy Stetcher
Last Minutes Defensive
Center Left Wing Right Wing Defense Defense
Miro Aaltonen Nathan Walker Frank Vatrano Ludwig Bystrom Troy Stetcher
Goaltenders
Starting : Magnus Hellberg
Backup : Emil Larmi
Extra Forwards
Normal : Nathan Walker, Pierre-Luc Dubois, Michael McLeod - PP : Jeremy Bracco, Pierre-Luc Dubois - PK : Rem Pitlick
Extra Defensemen
Normal : Vladislav Gavrikov, Troy Stetcher, Matthew Benning - PP : Vladislav Gavrikov - PK : Erik Cernak, Vladislav Gavrikov
Penalty Shots
Nikolay Goldobin, Miro Aaltonen, Andrew Mangiapane, Nathan Walker, Rem Pitlick
Scratches
Chase De Leo (Healthy), David Kase (Healthy), Iiro Pakarinen (Healthy), Jesse Graham (Healthy), Mitchell Stephens (Healthy)
Oskar Lindblom (Healthy), Trevor Moore (Healthy), Carl Grundstrom (Healthy), Josh Mahura (Healthy), Nathan Bastian (Healthy)
Tim Gettinger (Healthy), Joey Daccord (Healthy), Filip Gustavsson (Healthy)
% Time on Ice - Barracuda
Lines # - Real PCT - Wanted PCT - Time Play
Normal Forward
1 - 36% - 40% - 16:45
2 - 25% - 30% - 11:38
3 - 20% - 20% - 9:31
4 - 19% - 10% - 9:07
Normal Defense
1 - 39% - 40% - 18:23
2 - 27% - 30% - 12:44
3 - 23% - 20% - 10:52
4 - 11% - 10% - 5:02
PP Forward
1 - 65% - 60% - 3:12
2 - 35% - 40% - 1:43
PP Defense
1 - 69% - 60% - 3:25
2 - 31% - 40% - 1:30
PK Forward
1 - 78% - 60% - 6:17
2 - 22% - 40% - 1:47
PK Defense
1 - 57% - 60% - 4:35
2 - 43% - 40% - 3:29
PK3 Forward
1 - 0% - 60%
2 - 0% - 40%
PK3 Defense
1 - 0% - 60%
2 - 0% - 40%
44 Forward
1 - 0% - 60%
2 - 0% - 40%
44 Defense
1 - 0% - 60%
2 - 0% - 40%
Last Minute Offensive - 0:00
Last Minute Defensive - 0:00
Total
Forward - 60:00
Defense - 60:00
|
% Time on Ice - Moose
Lines # - Real PCT - Wanted PCT - Time Play
Normal Forward
1 - 33% - 35% - 15:36
2 - 27% - 30% - 12:37
3 - 28% - 25% - 13:21
4 - 12% - 10% - 5:27
Normal Defense
1 - 42% - 40% - 19:33
2 - 34% - 35% - 16:03
3 - 24% - 25% - 11:25
4 - 0% - 0% - 0:00
PP Forward
1 - 60% - 60% - 4:50
2 - 40% - 40% - 3:14
PP Defense
1 - 65% - 60% - 5:17
2 - 35% - 40% - 2:47
PK Forward
1 - 88% - 60% - 4:19
2 - 12% - 40% - 0:36
PK Defense
1 - 65% - 60% - 3:13
2 - 35% - 40% - 1:42
PK3 Forward
1 - 0% - 60%
2 - 0% - 40%
PK3 Defense
1 - 0% - 60%
2 - 0% - 40%
44 Forward
1 - 0% - 60%
2 - 0% - 40%
44 Defense
1 - 0% - 60%
2 - 0% - 40%
Last Minute Offensive - 0:00
Last Minute Defensive - 0:00
Total
Forward - 60:00
Defense - 60:00
|
Play-by-Play
1st period
0:01 of 1st period - Miro Aaltonen wins face-off versus Sam Carrick in neutral zone.
0:04 of 1st period - Justin Shugg is hit by Julien Gauthier and loses puck.
0:25 of 1st period - Arturs Kulda is hit by Frank Vatrano and loses puck.
0:55 of 1st period - Wrist shot by Theodor Blueger.
0:55 of 1st period - Stopped by Magnus Hellberg without a rebound.
0:56 of 1st period - Rem Pitlick wins face-off versus Noah Gregor in Moose zone.
1:27 of 1st period - Backhand shot by Sam Carrick.
1:27 of 1st period - Stopped by Magnus Hellberg with a rebound.
1:47 of 1st period - Frank Vatrano is hit by Emil Pettersson and loses puck.
3:05 of 1st period - Snap shot by Jeremy Bracco.
3:05 of 1st period - Shot Misses the Net.
3:07 of 1st period - Wrist shot by Pierre-Luc Dubois.
3:07 of 1st period - Goal by Pierre-Luc Dubois - Barracuda : 0 - Moose : 1.
3:08 of 1st period - Sam Carrick wins face-off versus Miro Aaltonen in neutral zone.
3:35 of 1st period - Snap shot by Luca Sbisa.
3:35 of 1st period - Stopped by Magnus Hellberg without a rebound.
3:36 of 1st period - Dominik Kahun wins face-off versus Theodor Blueger in Moose zone.
3:36 of 1st period - Dominik Kahun is hit by Theodor Blueger.
3:47 of 1st period - Off-side.
3:48 of 1st period - Jeremy Bracco wins face-off versus Emil Pettersson in neutral zone.
3:57 of 1st period - Backhand shot by Ludwig Bystrom.
3:57 of 1st period - Stopped by Joacim Eriksson with a rebound.
3:59 of 1st period - Backhand shot by Pierre-Luc Dubois.
3:59 of 1st period - Stopped by Joacim Eriksson without a rebound.
4:00 of 1st period - Sam Carrick wins face-off versus Dominik Kahun in Barracuda zone.
4:05 of 1st period - Snap shot by Sam Carrick.
4:05 of 1st period - Deflect By Justin Shugg.
4:05 of 1st period - Shot Blocked by Vladislav Gavrikov.
4:05 of 1st period - Puck is out of play.
4:06 of 1st period - Sam Carrick wins face-off versus Dominik Kahun in Moose zone.
4:39 of 1st period - Snap shot by Nathan Walker.
4:39 of 1st period - Stopped by Joacim Eriksson with a rebound.
4:41 of 1st period - Snap shot by Nathan Walker.
4:41 of 1st period - Stopped by Joacim Eriksson with a rebound.
4:52 of 1st period - Minor Penalty to Michael McLeod for Holding.
4:53 of 1st period - Sam Carrick wins face-off versus Nikolay Goldobin in Moose zone.
4:57 of 1st period - Snap shot by Sam Carrick.
4:57 of 1st period - Shot Blocked by Troy Stetcher.
4:59 of 1st period - Wrist shot by Arturs Kulda.
4:59 of 1st period - Deflect By William Carrier.
4:59 of 1st period - Deflect By Frank Vatrano.
4:59 of 1st period - Goal by William Carrier - Barracuda : 1 - Moose : 1.
5:00 of 1st period - Michael McLeod wins face-off versus Sam Carrick in neutral zone.
5:25 of 1st period - Luca Sbisa is hit by Rem Pitlick and loses puck.
5:32 of 1st period - Erik Cernak is hit by Emil Pettersson.
5:44 of 1st period - Minor Penalty to Alex Henriksson for Holding.
5:45 of 1st period - Miro Aaltonen wins face-off versus Sam Carrick in Barracuda zone.
5:46 of 1st period - Snap shot by Frank Vatrano.
5:46 of 1st period - Shot Misses the Net.
7:44 of 1st period - Penalty to Alex Henriksson is over, Alex Henriksson is back on ice.
8:06 of 1st period - Pierre-Luc Dubois is hit by Alex Henriksson and loses puck.
8:29 of 1st period - Snap shot by Rem Pitlick.
8:29 of 1st period - Shot Misses the Net.
10:23 of 1st period - Frank Vatrano is hit by Tanner Jeannot and loses puck.
11:03 of 1st period - Jerome Gauthier-Leduc is hit by Troy Stetcher and loses puck.
11:26 of 1st period - Wrist shot by Cole Ully.
11:26 of 1st period - Shot Hit the Post.
12:17 of 1st period - Samuel Groulx is hit by Erik Cernak.
12:36 of 1st period - Icing by Robin Norell.
12:37 of 1st period - Nathan Walker wins face-off versus Theodor Blueger in Barracuda zone.
13:02 of 1st period - Off-side.
13:03 of 1st period - Emil Pettersson wins face-off versus Michael McLeod in neutral zone.
13:05 of 1st period - Off-side.
13:06 of 1st period - Emil Pettersson wins face-off versus Miro Aaltonen in neutral zone.
13:14 of 1st period - Wrist shot by Emil Pettersson.
13:14 of 1st period - Shot Misses the Net.
13:16 of 1st period - Slapshot by Samuel Groulx.
13:16 of 1st period - Stopped by Magnus Hellberg with a rebound.
13:18 of 1st period - Slapshot by Samuel Groulx.
13:18 of 1st period - Shot Misses the Net.
13:20 of 1st period - Snap shot by Emil Pettersson.
13:20 of 1st period - Stopped by Magnus Hellberg without a rebound.
13:21 of 1st period - Sam Carrick wins face-off versus Dominik Kahun in Moose zone.
13:34 of 1st period - Wrist shot by Sam Carrick.
13:34 of 1st period - Stopped by Magnus Hellberg with a rebound.
14:06 of 1st period - Wrist shot by Arturs Kulda.
14:06 of 1st period - Stopped by Magnus Hellberg with a rebound.
14:08 of 1st period - Slapshot by Theodor Blueger.
14:08 of 1st period - Shot Blocked by Sami Niku.
14:10 of 1st period - Slapshot by Theodor Blueger.
14:10 of 1st period - Stopped by Magnus Hellberg with a rebound.
14:12 of 1st period - Snap shot by Alex Henriksson.
14:12 of 1st period - Goal by Alex Henriksson - Barracuda : 2 - Moose : 1.
14:13 of 1st period - Sam Carrick wins face-off versus Nathan Walker in neutral zone.
14:20 of 1st period - Slapshot by Sam Carrick.
14:20 of 1st period - Stopped by Magnus Hellberg without a rebound.
14:21 of 1st period - Sam Carrick wins face-off versus Miro Aaltonen in Moose zone.
14:50 of 1st period - Wrist shot by Theodor Blueger.
14:50 of 1st period - Stopped by Magnus Hellberg with a rebound.
15:22 of 1st period - Icing by Vladislav Gavrikov.
15:23 of 1st period - Miro Aaltonen wins face-off versus Sam Carrick in Moose zone.
15:48 of 1st period - Vladislav Gavrikov is hit by Tanner Jeannot and loses puck.
16:15 of 1st period - Snap shot by Frank Vatrano.
16:15 of 1st period - Deflect By Chris Wagner.
16:15 of 1st period - Shot Misses the Net.
16:15 of 1st period - Puck is out of play.
16:16 of 1st period - Sam Carrick wins face-off versus Dominik Kahun in Barracuda zone.
16:23 of 1st period - Frank Vatrano is hit by Sam Carrick and loses puck.
16:42 of 1st period - Matthew Benning is hit by Luca Sbisa and loses puck.
17:41 of 1st period - Backhand shot by Theodor Blueger.
17:41 of 1st period - Shot Blocked by Ludwig Bystrom.
17:43 of 1st period - Slapshot by Arturs Kulda.
17:43 of 1st period - Stopped by Magnus Hellberg with a rebound.
17:45 of 1st period - Slapshot by Arturs Kulda.
17:45 of 1st period - Stopped by Magnus Hellberg without a rebound.
17:46 of 1st period - Cole Ully wins face-off versus Rem Pitlick in Moose zone.
17:47 of 1st period - Slapshot by Emil Pettersson.
17:47 of 1st period - Shot Blocked by Max Jones.
18:43 of 1st period - Snap shot by Miro Aaltonen.
18:43 of 1st period - Deflect By Nikolay Goldobin.
18:43 of 1st period - Stopped by Joacim Eriksson with a rebound.
19:22 of 1st period - Wrist shot by Sam Carrick.
19:22 of 1st period - Shot Blocked by Michael McLeod.
19:24 of 1st period - Wrist shot by Justin Shugg.
19:24 of 1st period - Stopped by Magnus Hellberg with a rebound.
19:26 of 1st period - Wrist shot by Justin Shugg.
19:26 of 1st period - Shot Blocked by Pierre-Luc Dubois.
19:28 of 1st period - Snap shot by Justin Shugg.
19:28 of 1st period - Stopped by Magnus Hellberg without a rebound.
19:29 of 1st period - Justin Shugg wins face-off versus Miro Aaltonen in Moose zone.
Goals for this period are 2 for Barracuda vs 1 for Moose.
Shots for this period are 16 for Barracuda vs 6 for Moose.
2nd period
0:01 of 2nd period - Dominik Kahun wins face-off versus Emil Pettersson in neutral zone.
0:28 of 2nd period - Snap shot by Arturs Kulda.
0:28 of 2nd period - Stopped by Magnus Hellberg without a rebound.
0:29 of 2nd period - Miro Aaltonen wins face-off versus Sam Carrick in Moose zone.
0:29 of 2nd period - Miro Aaltonen is hit by Samuel Groulx.
0:53 of 2nd period - Miro Aaltonen is hit by William Carrier and loses puck.
1:02 of 2nd period - Snap shot by Sam Carrick.
1:02 of 2nd period - Stopped by Magnus Hellberg without a rebound.
1:03 of 2nd period - Emil Pettersson wins face-off versus Dominik Kahun in Moose zone.
1:07 of 2nd period - Slapshot by Luca Sbisa.
1:07 of 2nd period - Shot Misses the Net.
1:09 of 2nd period - Snap shot by Arturs Kulda.
1:09 of 2nd period - Stopped by Magnus Hellberg without a rebound.
1:10 of 2nd period - Dominik Kahun wins face-off versus Chris Wagner in Moose zone.
2:13 of 2nd period - Vladislav Gavrikov is hit by William Carrier and loses puck.
2:47 of 2nd period - Snap shot by Michael McLeod.
2:47 of 2nd period - Shot Blocked by Arturs Kulda.
2:53 of 2nd period - Snap shot by Jeremy Bracco.
2:53 of 2nd period - Stopped by Joacim Eriksson with a rebound.
2:55 of 2nd period - Slapshot by Vladislav Gavrikov.
2:55 of 2nd period - Shot Misses the Net.
3:01 of 2nd period - Slapshot by Michael McLeod.
3:01 of 2nd period - Goal by Michael McLeod - Barracuda : 2 - Moose : 2.
3:02 of 2nd period - Emil Pettersson wins face-off versus Miro Aaltonen in neutral zone.
3:11 of 2nd period - Slapshot by Ludwig Bystrom.
3:11 of 2nd period - Stopped by Joacim Eriksson without a rebound.
3:12 of 2nd period - Miro Aaltonen wins face-off versus Emil Pettersson in Barracuda zone.
3:13 of 2nd period - Wrist shot by Nikolay Goldobin.
3:13 of 2nd period - Shot Blocked by Emil Pettersson.
3:46 of 2nd period - Snap shot by Cole Ully.
3:46 of 2nd period - Shot Blocked by Miro Aaltonen.
3:48 of 2nd period - Snap shot by Robin Norell.
3:48 of 2nd period - Shot Misses the Net.
3:50 of 2nd period - Slapshot by Emil Pettersson.
3:50 of 2nd period - Shot Blocked by Nathan Walker.
3:52 of 2nd period - Snap shot by Cole Ully.
3:52 of 2nd period - Stopped by Magnus Hellberg without a rebound.
3:53 of 2nd period - Sam Carrick wins face-off versus Dominik Kahun in Moose zone.
4:04 of 2nd period - Slapshot by Sam Carrick.
4:04 of 2nd period - Shot Misses the Net.
4:06 of 2nd period - Slapshot by Arturs Kulda.
4:06 of 2nd period - Stopped by Magnus Hellberg with a rebound.
4:08 of 2nd period - Snap shot by Sam Carrick.
4:08 of 2nd period - Shot Misses the Net.
4:18 of 2nd period - Dominik Kahun is hit by Tanner Jeannot and loses puck.
4:45 of 2nd period - Michael McLeod is hit by Alex Henriksson and loses puck.
5:22 of 2nd period - Wrist shot by Sam Carrick.
5:22 of 2nd period - Stopped by Magnus Hellberg without a rebound.
5:23 of 2nd period - Miro Aaltonen wins face-off versus Sam Carrick in Moose zone.
5:48 of 2nd period - Cole Ully is hit by Ludwig Bystrom and loses puck.
6:00 of 2nd period - David Shields is hit by Pierre-Luc Dubois and loses puck.
6:07 of 2nd period - Michael McLeod is hit by Cole Ully and loses puck.
6:12 of 2nd period - Snap shot by Cole Ully.
6:12 of 2nd period - Stopped by Magnus Hellberg with a rebound.
6:14 of 2nd period - Slapshot by Cole Ully.
6:14 of 2nd period - Stopped by Magnus Hellberg with a rebound.
6:16 of 2nd period - Wrist shot by Cole Ully.
6:16 of 2nd period - Shot Misses the Net.
6:18 of 2nd period - Snap shot by Chris Wagner.
6:18 of 2nd period - Shot Blocked by Jeremy Bracco.
6:20 of 2nd period - Snap shot by Cole Ully.
6:20 of 2nd period - Stopped by Magnus Hellberg with a rebound.
6:22 of 2nd period - Wrist shot by Emil Pettersson.
6:22 of 2nd period - Stopped by Magnus Hellberg without a rebound.
6:23 of 2nd period - Dominik Kahun wins face-off versus Sam Carrick in Moose zone.
6:28 of 2nd period - Snap shot by Dominik Kahun.
6:28 of 2nd period - Stopped by Joacim Eriksson without a rebound.
6:29 of 2nd period - Dominik Kahun wins face-off versus William Carrier in Barracuda zone.
6:34 of 2nd period - Snap shot by Dominik Kahun.
6:34 of 2nd period - Stopped by Joacim Eriksson without a rebound.
6:35 of 2nd period - Miro Aaltonen wins face-off versus William Carrier in Barracuda zone.
7:16 of 2nd period - Minor Penalty to Ludwig Bystrom for Slashing.
7:17 of 2nd period - Sam Carrick wins face-off versus Nikolay Goldobin in Moose zone.
7:42 of 2nd period - Nikolay Goldobin is hit by Arturs Kulda.
7:48 of 2nd period - Snap shot by Emil Pettersson.
7:48 of 2nd period - Goal by Emil Pettersson - Barracuda : 3 - Moose : 2.
7:49 of 2nd period - Sam Carrick wins face-off versus Miro Aaltonen in neutral zone.
8:54 of 2nd period - Slapshot by Sam Carrick.
8:54 of 2nd period - Stopped by Magnus Hellberg without a rebound.
8:55 of 2nd period - Dominik Kahun wins face-off versus Theodor Blueger in Moose zone.
8:57 of 2nd period - Icing by Frank Vatrano.
8:58 of 2nd period - Dominik Kahun wins face-off versus Theodor Blueger in Moose zone.
9:03 of 2nd period - Frank Vatrano is hit by Theodor Blueger and loses puck.
9:10 of 2nd period - Snap shot by Frank Vatrano.
9:10 of 2nd period - Stopped by Joacim Eriksson with a rebound.
9:12 of 2nd period - Wrist shot by Andrew Mangiapane.
9:12 of 2nd period - Shot Blocked by David Shields.
9:14 of 2nd period - Snap shot by Andrew Mangiapane.
9:14 of 2nd period - Stopped by Joacim Eriksson with a rebound.
9:25 of 2nd period - Off-side.
9:26 of 2nd period - Emil Pettersson wins face-off versus Miro Aaltonen in neutral zone.
9:31 of 2nd period - Snap shot by Cole Ully.
9:31 of 2nd period - Stopped by Magnus Hellberg with a rebound.
10:36 of 2nd period - Wrist shot by Rem Pitlick.
10:36 of 2nd period - Shot Blocked by Jerome Gauthier-Leduc.
10:38 of 2nd period - Slapshot by Vladislav Gavrikov.
10:38 of 2nd period - Shot Misses the Net.
10:40 of 2nd period - Slapshot by Julien Gauthier.
10:40 of 2nd period - Shot Misses the Net.
10:57 of 2nd period - Icing by Andrew Mangiapane.
10:58 of 2nd period - Emil Pettersson wins face-off versus Dominik Kahun in Moose zone.
11:43 of 2nd period - Minor Penalty to Andrew Mangiapane for Goalie Interference.
11:44 of 2nd period - Sam Carrick wins face-off versus Nikolay Goldobin in Moose zone.
11:56 of 2nd period - Slapshot by Luca Sbisa.
11:56 of 2nd period - Shot Blocked by Frank Vatrano.
11:58 of 2nd period - Snap shot by William Carrier.
11:58 of 2nd period - Goal by William Carrier - Barracuda : 4 - Moose : 2.
11:59 of 2nd period - Justin Shugg wins face-off versus Miro Aaltonen in neutral zone.
12:12 of 2nd period - Slapshot by William Carrier.
12:12 of 2nd period - Stopped by Magnus Hellberg without a rebound.
12:13 of 2nd period - Miro Aaltonen wins face-off versus Theodor Blueger in Moose zone.
12:18 of 2nd period - Slapshot by Miro Aaltonen.
12:18 of 2nd period - Stopped by Joacim Eriksson without a rebound.
12:19 of 2nd period - Miro Aaltonen wins face-off versus Theodor Blueger in Barracuda zone.
12:51 of 2nd period - Slapshot by Vladislav Gavrikov.
12:51 of 2nd period - Stopped by Joacim Eriksson with a rebound.
12:59 of 2nd period - Minor Penalty to Justin Shugg for Holding.
13:00 of 2nd period - Miro Aaltonen wins face-off versus Sam Carrick in Barracuda zone.
13:01 of 2nd period - Wrist shot by Frank Vatrano.
13:01 of 2nd period - Shot Misses the Net.
13:03 of 2nd period - Slapshot by Troy Stetcher.
13:03 of 2nd period - Shot Blocked by Luca Sbisa.
13:05 of 2nd period - Snap shot by Frank Vatrano.
13:05 of 2nd period - Stopped by Joacim Eriksson without a rebound.
13:06 of 2nd period - Sam Carrick wins face-off versus Miro Aaltonen in Barracuda zone.
13:17 of 2nd period - Slapshot by Miro Aaltonen.
13:17 of 2nd period - Shot Misses the Net.
13:27 of 2nd period - Luca Sbisa is hit by Miro Aaltonen and loses puck.
14:04 of 2nd period - Sam Carrick is hit by Sami Niku and loses puck.
14:59 of 2nd period - Penalty to Justin Shugg is over, Justin Shugg is back on ice.
15:05 of 2nd period - Snap shot by Rem Pitlick.
15:05 of 2nd period - Stopped by Joacim Eriksson with a rebound.
15:07 of 2nd period - Slapshot by Vladislav Gavrikov.
15:07 of 2nd period - Stopped by Joacim Eriksson with a rebound.
15:09 of 2nd period - Slapshot by Vladislav Gavrikov.
15:09 of 2nd period - Stopped by Joacim Eriksson without a rebound.
15:10 of 2nd period - Noah Gregor wins face-off versus Rem Pitlick in Barracuda zone.
15:56 of 2nd period - Snap shot by Alex Henriksson.
15:56 of 2nd period - Stopped by Magnus Hellberg with a rebound.
16:14 of 2nd period - Vladislav Gavrikov is hit by Justin Shugg and loses puck.
17:12 of 2nd period - Wrist shot by Sam Carrick.
17:12 of 2nd period - Shot Misses the Net.
17:20 of 2nd period - Ludwig Bystrom is hit by William Carrier and loses puck.
17:44 of 2nd period - Rem Pitlick is hit by Tanner Jeannot and loses puck.
18:01 of 2nd period - Mario Lucia is hit by Andrew Mangiapane.
18:02 of 2nd period - Mario Lucia from Barracuda is injured at 18:02 of 2nd period (Severed Right Wrist Tendon).
18:03 of 2nd period - Sam Carrick wins face-off versus Miro Aaltonen in Barracuda zone.
18:16 of 2nd period - Nathan Walker is hit by Arturs Kulda and loses puck.
18:20 of 2nd period - Icing by Nikolay Goldobin.
18:21 of 2nd period - Miro Aaltonen wins face-off versus Emil Pettersson in Moose zone.
19:11 of 2nd period - Snap shot by Frank Vatrano.
19:11 of 2nd period - Deflect By Dominik Kahun.
19:11 of 2nd period - Shot Blocked by Alex Henriksson.
19:11 of 2nd period - Puck is out of play.
19:12 of 2nd period - Dominik Kahun wins face-off versus Emil Pettersson in Barracuda zone.
19:13 of 2nd period - Snap shot by Frank Vatrano.
19:13 of 2nd period - Stopped by Joacim Eriksson with a rebound.
19:22 of 2nd period - Minor Penalty to Frank Vatrano for Tripping.
19:23 of 2nd period - Sam Carrick wins face-off versus Nikolay Goldobin in Moose zone.
19:29 of 2nd period - Snap shot by Sam Carrick.
19:29 of 2nd period - Stopped by Magnus Hellberg with a rebound.
19:31 of 2nd period - Slapshot by Sam Carrick.
19:31 of 2nd period - Stopped by Magnus Hellberg without a rebound.
19:32 of 2nd period - Nikolay Goldobin wins face-off versus Sam Carrick in Moose zone.
19:52 of 2nd period - Slapshot by William Carrier.
19:52 of 2nd period - Shot Blocked by Vladislav Gavrikov.
19:54 of 2nd period - Wrist shot by William Carrier.
19:54 of 2nd period - Shot Misses the Net.
19:56 of 2nd period - Slapshot by William Carrier.
19:56 of 2nd period - Stopped by Magnus Hellberg with a rebound.
19:58 of 2nd period - Slapshot by Justin Shugg.
19:58 of 2nd period - Stopped by Magnus Hellberg without a rebound.
19:59 of 2nd period - Nikolay Goldobin wins face-off versus Emil Pettersson in Moose zone.
Goals for this period are 2 for Barracuda vs 1 for Moose.
Shots for this period are 20 for Barracuda vs 14 for Moose.
3rd period
0:01 of 3rd period - Nikolay Goldobin wins face-off versus Sam Carrick in neutral zone.
0:08 of 3rd period - Slapshot by Nikolay Goldobin.
0:08 of 3rd period - Stopped by Joacim Eriksson with a rebound.
1:22 of 3rd period - Penalty to Frank Vatrano is over, Frank Vatrano is back on ice.
1:51 of 3rd period - Julien Gauthier is hit by Tanner Jeannot and loses puck.
2:55 of 3rd period - Wrist shot by Rem Pitlick.
2:55 of 3rd period - Shot Misses the Net.
2:57 of 3rd period - Backhand shot by Sami Niku.
2:57 of 3rd period - Stopped by Joacim Eriksson without a rebound.
2:58 of 3rd period - Justin Shugg wins face-off versus Rem Pitlick in Barracuda zone.
3:03 of 3rd period - William Carrier is hit by Rem Pitlick and loses puck.
3:22 of 3rd period - Cole Ully is hit by Frank Vatrano and loses puck.
3:45 of 3rd period - Nikolay Goldobin is hit by Theodor Blueger and loses puck.
4:01 of 3rd period - Minor Penalty to Thomas Gobeil for Tripping.
4:02 of 3rd period - Sam Carrick wins face-off versus Miro Aaltonen in Barracuda zone.
4:38 of 3rd period - Wrist shot by Nikolay Goldobin.
4:38 of 3rd period - Shot Misses the Net.
6:01 of 3rd period - Penalty to Thomas Gobeil is over, Thomas Gobeil is back on ice.
6:07 of 3rd period - Wrist shot by Jeremy Bracco.
6:07 of 3rd period - Stopped by Joacim Eriksson with a rebound.
6:09 of 3rd period - Slapshot by Vladislav Gavrikov.
6:09 of 3rd period - Stopped by Joacim Eriksson with a rebound.
6:11 of 3rd period - Snap shot by Pierre-Luc Dubois.
6:11 of 3rd period - Stopped by Joacim Eriksson without a rebound.
6:12 of 3rd period - Michael McLeod wins face-off versus Theodor Blueger in Barracuda zone.
6:13 of 3rd period - Wrist shot by Jeremy Bracco.
6:13 of 3rd period - Shot Blocked by Robin Norell.
6:31 of 3rd period - Jerome Gauthier-Leduc is hit by Pierre-Luc Dubois and loses puck.
6:40 of 3rd period - Snap shot by Michael McLeod.
6:40 of 3rd period - Shot Misses the Net.
7:00 of 3rd period - Wrist shot by Michael McLeod.
7:00 of 3rd period - Shot Misses the Net.
8:29 of 3rd period - Icing by Noah Gregor.
8:30 of 3rd period - Nathan Walker wins face-off versus Tanner Jeannot in Barracuda zone.
8:55 of 3rd period - Slapshot by Thomas Gobeil.
8:55 of 3rd period - Shot Misses the Net.
8:57 of 3rd period - Slapshot by Noah Gregor.
8:57 of 3rd period - Stopped by Magnus Hellberg with a rebound.
9:23 of 3rd period - Snap shot by Noah Gregor.
9:23 of 3rd period - Stopped by Magnus Hellberg without a rebound.
9:24 of 3rd period - Miro Aaltonen wins face-off versus Sam Carrick in Moose zone.
9:24 of 3rd period - Nikolay Goldobin is hit by Arturs Kulda and loses puck.
9:34 of 3rd period - Minor Penalty to Sami Niku for Holding.
9:35 of 3rd period - Sam Carrick wins face-off versus Nikolay Goldobin in Moose zone.
9:37 of 3rd period - Snap shot by Sam Carrick.
9:37 of 3rd period - Goal by Sam Carrick - Barracuda : 5 - Moose : 2.
9:38 of 3rd period - Sam Carrick wins face-off versus Miro Aaltonen in neutral zone.
10:09 of 3rd period - Chris Wagner is hit by Frank Vatrano.
10:10 of 3rd period - Icing by Chris Wagner.
10:11 of 3rd period - Dominik Kahun wins face-off versus Emil Pettersson in Barracuda zone.
10:12 of 3rd period - Snap shot by Frank Vatrano.
10:12 of 3rd period - Stopped by Joacim Eriksson without a rebound.
10:13 of 3rd period - Sam Carrick wins face-off versus Dominik Kahun in Barracuda zone.
10:38 of 3rd period - Vladislav Gavrikov is hit by Cole Ully and loses puck.
11:01 of 3rd period - Backhand shot by Vladislav Gavrikov.
11:01 of 3rd period - Stopped by Joacim Eriksson with a rebound.
11:03 of 3rd period - Snap shot by Jeremy Bracco.
11:03 of 3rd period - Shot Misses the Net.
11:05 of 3rd period - Snap shot by Michael McLeod.
11:05 of 3rd period - Shot Misses the Net.
11:07 of 3rd period - Slapshot by Vladislav Gavrikov.
11:07 of 3rd period - Deflect By Pierre-Luc Dubois.
11:07 of 3rd period - Shot Misses the Net.
11:07 of 3rd period - Puck is out of play.
11:08 of 3rd period - Andrew Mangiapane wins face-off versus Sam Carrick in Barracuda zone.
11:17 of 3rd period - Wrist shot by Dominik Kahun.
11:17 of 3rd period - Shot Misses the Net.
11:19 of 3rd period - Slapshot by Erik Cernak.
11:19 of 3rd period - Stopped by Joacim Eriksson without a rebound.
11:20 of 3rd period - Miro Aaltonen wins face-off versus Sam Carrick in Barracuda zone.
11:30 of 3rd period - Arturs Kulda is hit by Ludwig Bystrom and loses puck.
11:35 of 3rd period - Wrist shot by William Carrier.
11:35 of 3rd period - Stopped by Magnus Hellberg with a rebound.
12:27 of 3rd period - Snap shot by Tanner Jeannot.
12:27 of 3rd period - Shot Misses the Net.
12:29 of 3rd period - Slapshot by Thomas Gobeil.
12:29 of 3rd period - Shot Misses the Net.
12:31 of 3rd period - Snap shot by Thomas Gobeil.
12:31 of 3rd period - Stopped by Magnus Hellberg with a rebound.
12:33 of 3rd period - Slapshot by Noah Gregor.
12:33 of 3rd period - Shot Blocked by Ludwig Bystrom.
12:35 of 3rd period - Snap shot by Noah Gregor.
12:35 of 3rd period - Deflect By Tanner Jeannot.
12:35 of 3rd period - Stopped by Magnus Hellberg without a rebound.
12:36 of 3rd period - Sam Carrick wins face-off versus Miro Aaltonen in Moose zone.
12:57 of 3rd period - Minor Penalty to Sami Niku for Holding Stick.
12:58 of 3rd period - Sam Carrick wins face-off versus Nikolay Goldobin in Moose zone.
13:31 of 3rd period - Snap shot by Chris Wagner.
13:31 of 3rd period - Shot Blocked by Vladislav Gavrikov.
13:33 of 3rd period - Wrist shot by Chris Wagner.
13:33 of 3rd period - Shot Misses the Net.
13:47 of 3rd period - William Carrier is hit by Frank Vatrano and loses puck.
13:54 of 3rd period - Erik Cernak is hit by David Shields and loses puck.
14:13 of 3rd period - Nathan Walker is hit by Cole Ully and loses puck.
14:57 of 3rd period - Penalty to Sami Niku is over, Sami Niku is back on ice.
15:06 of 3rd period - Slapshot by Vladislav Gavrikov.
15:06 of 3rd period - Shot Misses the Net.
15:12 of 3rd period - Matthew Benning is hit by Theodor Blueger and loses puck.
15:24 of 3rd period - Minor Penalty to Tanner Jeannot for Hooking.
15:25 of 3rd period - Miro Aaltonen wins face-off versus Sam Carrick in Barracuda zone.
15:28 of 3rd period - Snap shot by Miro Aaltonen.
15:28 of 3rd period - Shot Blocked by Sam Carrick.
15:30 of 3rd period - Slapshot by Miro Aaltonen.
15:30 of 3rd period - Shot Blocked by Samuel Groulx.
15:32 of 3rd period - Slapshot by Sami Niku.
15:32 of 3rd period - Deflect By Nathan Walker.
15:32 of 3rd period - Goal by Nathan Walker - Barracuda : 5 - Moose : 3.
15:33 of 3rd period - Michael McLeod wins face-off versus Theodor Blueger in neutral zone.
16:09 of 3rd period - Wrist shot by Sam Carrick.
16:09 of 3rd period - Shot Misses the Net.
16:23 of 3rd period - Snap shot by Emil Pettersson.
16:23 of 3rd period - Stopped by Magnus Hellberg without a rebound.
16:24 of 3rd period - Emil Pettersson wins face-off versus Rem Pitlick in Moose zone.
16:29 of 3rd period - Wrist shot by Cole Ully.
16:29 of 3rd period - Shot Blocked by Vladislav Gavrikov.
16:29 of 3rd period - Vladislav Gavrikov from Moose is injured at 16:29 of 3rd period (Sprained Left Knee).
16:30 of 3rd period - Theodor Blueger wins face-off versus Michael McLeod in Moose zone.
16:31 of 3rd period - Wrist shot by Alex Henriksson.
16:31 of 3rd period - Stopped by Magnus Hellberg with a rebound.
16:57 of 3rd period - William Carrier is hit by Nathan Walker and loses puck.
17:14 of 3rd period - Minor Penalty to Sam Carrick for Unsportsmanlike conduct.
17:15 of 3rd period - Miro Aaltonen wins face-off versus Theodor Blueger in Barracuda zone.
17:50 of 3rd period - Snap shot by Nikolay Goldobin.
17:50 of 3rd period - Stopped by Joacim Eriksson with a rebound.
18:42 of 3rd period - Luca Sbisa is hit by Nathan Walker and loses puck.
19:08 of 3rd period - Icing by Nathan Walker.
19:09 of 3rd period - Miro Aaltonen wins face-off versus Theodor Blueger in Moose zone.
19:14 of 3rd period - Penalty to Sam Carrick is over, Sam Carrick is back on ice.
Goals for this period are 1 for Barracuda vs 1 for Moose.
Shots for this period are 8 for Barracuda vs 10 for Moose.
Output by the SimonT Hockey Simulator (STHS) for Francois Prevost